 Dungeon Crawl Stone Soup version 0.30-a0-739-gea05faddec (webtiles) character file.

Game seed: 4218672823355768592

1462 timneilson the Covered (level 8, -12/49 HPs)
             Began as a Gargoyle Fighter on Feb 5, 2023.
             Was a Believer of Okawaru.
             Mangled by an ogre
             ... wielding a +0 giant club
              (19 damage)
             ... on level 6 of the Dungeon.
             The game lasted 00:07:15 (4717 turns).

timneilson the Covered (Gargoyle Fighter)           Turns: 4717, Time: 00:07:16

Health: -12/49     AC: 17    Str: 21    XL:     8   Next: 77%
Magic:  9/9        EV:  7    Int:  8    God:    Okawaru [**....]
Gold:   279        SH:  9    Dex: 11    Spells: 7/7 levels left

rFire   . . .      SeeInvis .    g - +8 double sword "Ruggass" {heavy, rElec rPois}
rCold   . . .      Faith    .    o - +0 kite shield
rNeg    + . .      Spirit   .    s - +0 chain mail
rPois   ∞          Reflect  .    (no helmet)
rElec   +          Harm     .    v - +0 cloak
rCorr   .          Rampage  .    (no gloves)
Will    .....                    (no boots) Stlth
                                 h - amulet of the acrobat
HPRegen 0.28/turn                (no ring)
MPRegen 0.11/turn                (no ring)

@: no status effects
A: sickness immunity, AC +5, negative energy resistance 1, electricity
resistance, torment resistance 1, petrification resistance
a: Renounce Religion, Heroism


You were on level 6 of the Dungeon.
You worshipped Okawaru.
Okawaru was pleased with you.
You visited 2 branches of the dungeon, and saw 7 of its levels.

You collected 279 gold pieces.

Inventory:

Hand Weapons
 a - a +0 long sword
 g - the +8 double sword "Ruggass" (weapon) {heavy, rElec rPois}
   (You acquired it on level 2 of the Dungeon)

   rElec:     It insulates you from electricity.
   rPois:     It protects you from poison.
Armour
 m - a +0 plate armour
 o - a +0 kite shield (worn)
 s - a +0 chain mail (worn)
 v - a +0 cloak (worn)
Jewellery
 h - an amulet of the acrobat (around neck)
Wands
 r - a wand of flame (52)
Scrolls
 c - a scroll of amnesia
 f - 3 scrolls of fear
 n - 5 scrolls of teleportation
Potions
 d - 2 potions of might
 e - 2 potions of brilliance
 i - a potion of berserk rage {unknown}
 j - 4 potions of curing
 k - a potion of haste {unknown}
 l - 2 potions of mutation
 p - a potion of lignification {unknown}
 q - a potion of flight {unknown}
 u - a potion of magic {unknown}


   Skills:
 + Level 5.0 Fighting
 * Level 4.8 Long Blades
 * Level 6.4 Armour
 + Level 2.6 Dodging
 * Level 6.3 Shields
 + Level 2.4 Invocations
 + Level 1.8 Evocations


You had 7 spell levels left.
You didn't know any spells.
Your spell library contained the following spells:

 Spells                   Type           Power      Damage    Failure   Level
 Wereblood                Tmut           0%         N/A       100%        2
 Ozocubu's Armour         Ice            0%         N/A       100%        3
 Vhi's Electric Charge    Tloc/Air       0%         N/A       100%        3
 Arcjolt                  Conj/Air       0%         1d10      100%        5
 Metabolic Englaciation   Hex/Ice        0%         N/A       100%        5
 Maxwell's Capacitive Co  Air            0%         ∞         100%        8
 Sublimation of Blood     Necr           Unusable   N/A       N/A         2
 Simulacrum               Ice/Necr       Unusable   N/A       N/A         6
 Summon Hydra             Summ           Unusable   N/A       N/A         7

Dungeon Overview and Level Annotations

Branches:
Dungeon (6/15)             Temple (1/1) D:6

Altars:
Ashenzari
Cheibriados
Dithmenos
Elyvilon
Fedhas
Gozag
Hepliaklqana
Kikubaaqudgha
Makhleb
Nemelex Xobeh
Okawaru
Qazlal
Ru
Sif Muna
Trog
Uskayaw
Vehumet
Wu Jian
Xom
Yredelemnul
Zin


Innate Abilities, Weirdness & Mutations

You are immune to sickness and miasma.
Your stone body is resilient. (AC +5)
You are immune to poison.
You resist negative energy. (rN+)
You are resistant to electric shocks. (rElec)
You are resistant to unholy torment.
You are immune to petrification.


Message History

A gnoll bouda comes into view. It is wielding a +0 whip.
The gnoll bouda shouts!
The gnoll bouda barks out a call to the hunt!
The gnoll picks up the pace!
The gnoll completely misses you.
A gnoll and an ogre come into view.
The gnoll shouts!
A gnoll comes into view. It is wielding a +0 flail.
You block the gnoll's attack.
You closely miss the gnoll. The gnoll hits you but does no damage.
You slice the gnoll bouda!!
You kill the gnoll bouda!
Okawaru accepts your kill. You block the gnoll's attack.
The gnoll hits you but does no damage. The gnoll barely misses you.
The gnoll hits you with a +0 whip. The gnoll hits you with a +0 halberd.
The gnoll attacks as you move away! The gnoll barely misses you.
You block the gnoll's attack. The gnoll barely misses you.
You slice the gnoll!!
You kill the gnoll!
Okawaru accepts your kill. The gnoll hits you but does no damage.
The gnoll is no longer moving quickly.
The gnoll misses you.
You see here a +0 whip.
You slice the gnoll!!
You kill the gnoll!
Okawaru accepts your kill. You block the gnoll's attack.
You slice the gnoll!!
You kill the gnoll!
Okawaru accepts your kill. You block the ogre's attack.
You barely miss the ogre.
The ogre hits you with a +0 giant club!!
You barely miss the ogre.
The ogre hits you with a +0 giant club!!
* * * LOW HITPOINT WARNING * * *
The ogre hits you with a +0 giant club!!
You die...

.. .#. .# #.# .. ##.##
###... .# #.... ...... ..#
#..## ......# #.###.#####..#
..#.... ##.........##..#
#..#... ##.# #. #.##..##
......g ##@######.##.##....
......)##O###..............
#...##............#..#
#O##.##.#.###.##...#...
..###..........#.).###..
....................(.....
....########>#.......#.....#
#.# #.####..###..>..# #.#
#.# #....#.....#


You could see an ogre.

Vanquished Creatures
  Eustachio (D:5)
  A water moccasin (D:5)
  A black bear (D:5)
  A sky beast (D:5)
  An ice beast (D:5)
  A kobold brigand (D:5)
  2 bullfrogs
  2 scorpions (D:4)
  4 wights (D:4)
  The ghost of Esekla the Sneak, a weakling OpDe (D:5)
  A howler monkey (D:6)
  A jelly (D:5)
  A gnoll bouda (D:6)
  Crazy Yiuf (D:5)
  Ijyb (D:5)
  2 orc wizards
  5 adders
  3 gnolls (D:6)
  A white imp (D:5)
  An ufetubus (D:5)
  2 worms
  A dart slug (D:4)
  17 orcs
  4 ball pythons
  3 bats
  7 endoplasms
  3 giant cockroaches (D:1)
  9 goblins
  8 hobgoblins
  3 jackals (D:1)
  13 kobolds
  4 quokkas
  3 frilled lizards
  5 rats
114 creatures vanquished.

Vanquished Creatures (others)
  An orc wizard (D:5)
1 creature vanquished.

Grand Total: 115 creatures vanquished

Notes
Turn   | Place    | Note
-------+----------+-------------------------------------------
     0 | D:1      | timneilson the Gargoyle Fighter began the quest for the
                  | Orb.
     0 | D:1      | Reached XP level 1. HP: 14/14 MP: 1/1
   204 | D:1      | Reached XP level 2. HP: 16/19 MP: 2/2
   517 | D:1      | Reached XP level 3. HP: 19/23 MP: 3/3
  1612 | D:2      | Reached XP level 4. HP: 28/28 MP: 4/4
  1804 | D:2      | Identified a scroll of acquirement
  1804 | D:2      | Acquired the +8 double sword "Ruggass" {heavy, rElec rPois}
  1994 | D:3      | Reached skill level 1 in Dodging
  2544 | D:4      | Noticed a scorpion
  2552 | D:4      | Killed a scorpion
  2553 | D:4      | Reached XP level 5. HP: 28/33 MP: 5/5
  2646 | D:4      | Reached XP level 6. HP: 38/38 MP: 6/6
  2678 | D:4      | Reached skill level 5 in Armour
  2691 | D:4      | You fall into a shaft and drop 2 floors!
  2692 | D:6      | Found a staircase to the Ecumenical Temple.
  2699 | Temple   | Entered the Ecumenical Temple
  2964 | Temple   | Became a worshipper of Warmaster Okawaru
  3057 | D:6      | Reached skill level 5 in Shields
  3057 | D:6      | Reached XP level 7. HP: 43/43 MP: 7/7
  3063 | D:5      | Entered Level 5 of the Dungeon
  3072 | D:5      | Noticed Ijyb
  3098 | D:5      | Killed Ijyb
  3174 | D:5      | Reached * piety under Okawaru
  3538 | D:4      | Reached skill level 1 in Invocations
  3703 | D:4      | Found an ancient bone altar of Kikubaaqudgha.
  3814 | D:5      | Found an opulent altar of Gozag.
  3845 | D:5      | Noticed Eustachio
  3852 | D:5      | Killed Eustachio
  3853 | D:5      | Reached skill level 1 in Evocations
  3853 | D:5      | Reached XP level 8. HP: 42/48 MP: 7/9
  3999 | D:5      | Reached ** piety under Okawaru
  4203 | D:5      | Found a runed translucent gate.
  4204 | D:5      | Found a runed translucent gate.
  4205 | D:5      | Found a runed translucent gate.
  4206 | D:5      | Noticed Esekla's ghost (weakling OpDe)
  4230 | D:5      | Killed Esekla's ghost
  4436 | D:5      | Reached skill level 5 in Fighting
  4505 | D:5      | Found a runed translucent door.
  4506 | D:5      | Noticed Crazy Yiuf
  4511 | D:5      | Killed Crazy Yiuf
  4717 | D:6      | Mangled by an ogre

Illustrated notes

Levels and vault maps discovered:
D:1:      dpeg_arrival_more_subterranean_lakeside_camping, layout_basic,
          serial_curves, eino_curves_01, eino_curves_02
D:2:      layout_basic
D:3:      layout_basic, hex_medium
D:4:      layout_loops_ring, nicolae_overflow_hidden_temple
D:5:      layout_loops_ring, grunt_gozag_statues, gammafunk_ghost_nasty_kobolds,
          nrook_loot_triangle, kennysheep_generic_room_14,
          uniq_crazy_yiuf_cottage, uniq_ijyb, uniq_eustachio
D:6:      hellmonk_ruined_rings, layout_loops_ring, minmay_temple_entry_tees
Temple:   compressed_dpeg_triangle_lava_temple

Skill      XL: |  1  2  3  4  5  6  7  8 |
---------------+-------------------------+-----
Long Blades    | 2 3 4 |  4.8
Armour         | 4 5 6 |  6.4
Dodging        | 1 2 |  2.6
Shields        | 4 5 6 |  6.3
Fighting       | 4 5 |  5.0
Invocations    | 1 2 |  2.4
Evocations     | 1 |  1.8

Action                     |  1- 3 |  4- 6 |  7- 9 || total
---------------------------+-------+-------+-------++-------
  Melee: Long sword        |   172 |     2 |       ||   174
         Double sword      |       |    37 |   111 ||   148
    Use: Scroll            |     4 |     7 |     3 ||    14
 Armour: Scale mail        |    95 |    19 |    41 ||   155
         Chain mail        |       |       |    23 ||    23
  Dodge: Dodged            |   106 |     9 |    31 ||   146
  Block: Buckler           |    34 |       |       ||    34
         Kite shield       |       |    19 |    57 ||    76

Table legend: (Time is in decaauts)
 A = Elapsed time spent in this place.
 B = Non-inter-level travel time spent in this place.
 C = Inter-level travel time spent in this place.
 D = Time resting spent in this place.
 E = Time spent auto-exploring this place.
 F = Levels seen in this place.
 G = Mean time per level.
                   A        B        C        D        E       F      G
               +--------+--------+--------+--------+--------+-----+--------+
         Total |   4932 |   4725 |    207 |     26 |   3531 |   7 |  704.6 |
       Dungeon |   4648 |   4471 |    177 |     26 |   3298 |   6 |  774.7 |
        Temple |    284 |    254 |     30 |      0 |    233 |   1 |  284.0 |
               +--------+--------+--------+--------+--------+-----+--------+

Top non-repeatable levels by time:
     D:5: 1103 daAuts
     D:2: 979 daAuts
     D:1: 911 daAuts
     D:4: 797 daAuts
     D:3: 712 daAuts
  Temple: 284 daAuts
     D:6: 144 daAuts
